Map: Pillars of Gold LE

Players

SortOf

  • Race: Zerg Zerg
  • League: Master
  • Spawn Location: 1:00

PartinG - Winner!

  • Race: Protoss Protoss
  • League: Grandmaster
  • Spawn Location: 7:00

Event: War Chest Team League

VOD

Have the link to the VOD?

Description

Time

  • Played on: Aug. 13, 2020, 7:27 a.m.
  • Length: 10:34
Show
View Real Time Build Order
Export as new Build Order

SortOf Zerg 

Build Orders: Pool First 

Get SALT Encoding   

  12  0:18  Spawning Pool  
  11  0:22  Drone  
  11  0:27  Drone  
  13  0:32  Drone  
  14  0:41  Overlord  
  14  1:04  Zergling x2  
  14  1:05  Zergling x4  
  17  1:14  Queen  
  17  1:16  Zergling x2  
  20  1:36  Hatchery  
  19  1:43  Drone x2  
  21  1:50  Overlord  
  21  1:55  Extractor  
  21  2:01  Drone  
  21  2:11  Drone  
  21  2:14  Queen  
  24  2:21  Drone x2  
  26  2:26  Drone  
  27  2:38  Drone  
  28  2:48  Queen  
  28  2:49  Drone x2  
  32  2:55  Overlord  
  32  2:59  Drone  
  32  3:02  Drone  
  34  3:08  Metabolic Boost  
  34  3:10  Drone  
  35  3:16  Zergling x2  
  35  3:28  Drone x5  
  35  3:34  Drone  
  40  3:39  Drone  
  40  3:42  Drone  
  41  3:49  Overlord  
  41  3:52  Drone  
  42  4:01  Overlord  
  42  4:12  Drone x3  
  42  4:13  Hatchery  
  44  4:17  Overlord  
  44  4:23  Queen  
  46  4:28  Drone x2  
  48  4:31  Zergling x4  
  48  4:38  Drone x4  
  53  4:42  Extractor, Roach Warren  
  51  4:46  Drone x2  
  51  4:48  Spore Crawler  
  51  4:50  Spore Crawler  
  51  4:53  Drone x2  
  53  5:01  Queen  
  53  5:02  Spore Crawler  
  53  5:05  Overlord  
  55  5:07  Drone  
  55  5:08  Drone  
  55  5:11  Drone  
  57  5:19  Lair  
  57  5:20  Zergling x4  
  59  5:24  Roach x2  
  63  5:30  Roach x2  
  63  5:31  Drone  
  63  5:33  Drone x2  
  68  5:45  Roach x3  
  68  5:51  Overlord, Roach  
  68  5:52  Queen  
  72  5:57  Overlord  
  72  6:03  Overlord x2  
  70  6:14  Overlord  
  70  6:17  Overseer  
  70  6:18  Glial Reconstitution, Drone x6  
  72  6:21  Drone x2  
  72  6:23  Overlord  
  72  6:24  Drone  
  76  6:27  Extractor, Drone x2  
  76  6:28  Extractor  
  76  6:39  Roach x5  
  86  6:44  Overlord  
  86  6:48  Extractor  
  86  6:51  Roach x3  
  86  6:52  Overlord  
  91  6:57  Overlord x2  
  91  7:00  Roach x2  
  95  7:06  Overlord  
  96  7:08  Drone x2  
  96  7:10  Overlord  
  96  7:14  Drone  
  96  7:15  Drone x2  
  100  7:16  Roach x2  
  104  7:23  Overseer  
  104  7:27  Roach x4  
  112  7:38  Roach x2  
  112  7:42  Overlord  
  116  7:44  Ravager  
  116  7:45  Ravager x3  
  116  7:46  Hatchery  
  116  7:49  Overlord, Roach x2  
  123  7:54  Hatchery  
  123  7:55  Overlord  
  123  8:00  Roach x3  
  129  8:07  Zergling x10  
  129  8:10  Ravager x2  
  129  8:12  Ravager  
  137  8:13  Zergling x6  
  140  8:20  Ravager  
  140  8:21  Zergling x14  
  140  8:25  Ravager  
  140  8:26  Overlord  
  149  8:30  Zergling x2  
  149  8:31  Zergling x2  
  146  8:37  Zergling x8  
  149  8:48  Zergling x10  
  149  8:53  Overlord  
  149  8:54  Overlord  
  149  8:56  Zergling x2  
  149  8:57  Ravager x5  
  149  8:59  Roach  
  157  9:07  Roach x2  
  161  9:11  Roach  
  153  9:21  Roach x5  
  151  9:25  Roach x6  
  151  9:28  Overseer  
  151  9:33  Roach x3  
  140  9:45  Zergling x12  
  136  9:50  Ravager  
  136  9:51  Ravager x2  
  139  9:55  Zergling x4  
  139  9:59  Zergling x2  
  142  10:08  Zergling x2  
  142  10:09  Zergling x4  
  142  10:11  Hatchery  
  112  10:15  Zergling x6  
Show
View Real Time Build Order
Export as new Build Order

PartinG Protoss - Winner!

Build Orders: Zealot Archon, Archon Drop 

Get SALT Encoding   

  12  0:00  Probe  
  13  0:14  Pylon  
  13  0:18  Probe (Chrono Boost)  
  15  0:28  Probe (Chrono Boost)  
  15  0:33  Probe (Chrono Boost)  
  16  0:42  Gateway  
  16  0:44  Probe  
  17  0:50  Assimilator  
  17  0:56  Probe  
  18  1:09  Probe  
  19  1:27  Gateway, Zealot (Chrono Boost)  
  19  1:30  Cybernetics Core  
  21  1:34  Pylon  
  21  1:39  Probe  
  22  1:46  Zealot (Chrono Boost)  
  21  1:52  Probe  
  24  2:07  Warp Gate  
  24  2:10  Adept (Chrono Boost)  
  26  2:20  Adept (Chrono Boost)  
  28  2:35  Nexus  
  28  2:40  Probe  
  29  2:44  Pylon  
  29  2:49  Assimilator  
  29  2:52  Probe  
  30  3:04  Probe  
  31  3:06  Twilight Council  
  31  3:16  Probe  
  32  3:21  Stalker  
  34  3:28  Probe  
  34  3:42  Robotics Facility, Probe (Chrono Boost)  
  34  3:47  Probe (Chrono Boost)  
  34  3:57  Probe (Chrono Boost)  
  34  3:58  Probe (Chrono Boost)  
  34  4:00  Gateway  
  35  4:02  Probe (Chrono Boost)  
  35  4:04  Dark Shrine  
  35  4:06  Probe  
  37  4:14  Gateway  
  37  4:19  Probe x2  
  39  4:29  Warp Prism  
  41  4:34  Probe x2  
  43  4:41  Assimilator  
  43  4:42  Assimilator  
  41  4:47  Probe (Chrono Boost)  
  41  4:50  Pylon, Probe (Chrono Boost)  
  43  4:59  Probe (Chrono Boost)  
  45  5:03  Probe (Chrono Boost)  
  45  5:04  Probe (Chrono Boost)  
  46  5:15  Probe x2  
  46  5:20  Dark Templar x4  
  56  5:24  Pylon  
  56  5:26  Observer  
  56  5:27  Probe x2  
  59  5:35  Pylon  
  59  5:37  Forge  
  59  5:46  Blink  
  59  5:50  Probe x2  
  61  5:58  Stalker  
  63  6:08  Immortal (Chrono Boost)  
  63  6:10  Pylon  
  66  6:14  Probe x2  
  66  6:17  Protoss Ground Weapons Level 1 (Chrono Boost)  
  68  6:25  Archon x2  
  68  6:33  Sentry x3  
  68  6:36  Probe x2  
  76  6:40  Nexus  
  76  6:41  Photon Cannon  
  76  6:45  Immortal (Chrono Boost)  
  76  6:50  Shield Battery  
  76  6:52  Probe x2  
  82  6:57  Pylon  
  82  7:03  Sentry  
  82  7:04  Sentry  
  86  7:14  Pylon  
  86  7:15  Probe x2  
  88  7:16  Immortal (Chrono Boost)  
  88  7:21  Stalker  
  94  7:27  Pylon  
  94  7:29  Pylon  
  94  7:34  Stalker x3  
  100  7:39  Probe x2  
  100  7:43  Gateway  
  102  7:46  Sentry  
  102  7:50  Gateway  
  104  7:55  Probe x2  
  104  7:57  Probe  
  107  8:01  Protoss Ground Weapons Level 2 (Chrono Boost)  
  107  8:04  Assimilator x2  
  107  8:05  Robotics Bay  
  107  8:07  Probe x2  
  107  8:09  Probe  
  110  8:26  Probe x3  
  113  8:41  Stalker x5  
  107  8:47  Stalker  
  115  8:53  Shield Battery  
  115  8:55  Shield Battery  
  115  8:56  Probe x3  
  115  8:57  Photon Cannon, Disruptor (Chrono Boost)  
  120  9:05  Stalker x4  
  120  9:09  Stalker  
  130  9:13  Shield Battery  
  121  9:21  Stalker  
  115  9:26  Disruptor (Chrono Boost)  
  115  9:28  Stalker x3  
  120  9:36  Stalker x2  
  118  9:46  Stalker  
  120  9:54  Stalker x3  
  126  10:01  Stalker x2  
  130  10:07  Pylon  
  130  10:19  Stalker x3  
  127  10:27  Stalker x2  
Tags
 
Add a new tag
Caveats
  • Supply blocks, unpowered buildings, or Contaminate may cause inaccurate times.
  • Supply counts are checked every 10 seconds.